Map: Orbital Shipyard

Players

ShiQuRas

  • Race: Protoss Protoss

AgCl - Winner!

  • Race: Protoss Protoss

VOD

Have the link to the VOD?

Description

Time

  • Played on: May 3, 2015, 6:37 a.m.
  • Length: 7:24
Show
View Real Time Build Order
Export as new Build Order

ShiQuRas Protoss 

Build Orders:  

Get SALT Encoding   

  12  0:01  Probe  
  13  0:16  Probe  
  13  0:20  Pylon  
  14  0:45  Probe (Chrono Boost)  
  15  0:56  Probe (Chrono Boost)  
  16  1:03  Probe (Chrono Boost)  
  17  1:04  Gateway  
  17  1:13  Probe (Chrono Boost)  
  18  1:23  Probe  
  19  1:27  Nexus, Assimilator  
  19  1:35  Probe  
  20  1:44  Pylon  
  20  1:51  Cybernetics Core  
  20  1:52  Probe (Chrono Boost)  
  22  2:02  Probe (Chrono Boost)  
  22  2:07  Pylon  
  22  2:08  Pylon  
  22  2:26  Assimilator  
  22  2:28  Warp Gate (Chrono Boost)  
  22  2:29  Adept  
  24  2:34  Gateway x2  
  24  2:40  Probe x2  
  26  2:45  Assimilator  
  23  3:09  Adept (Chrono Boost)  
  23  3:11  Probe (Chrono Boost)  
  27  3:13  Probe (Chrono Boost)  
  28  3:22  Probe (Chrono Boost)  
  28  3:23  Probe (Chrono Boost)  
  28  3:24  Adept x2 (Chrono Boost)  
  33  3:38  Gateway  
  33  3:54  Stalker (Chrono Boost)  
  30  4:04  Stalker (Chrono Boost)  
  30  4:05  Mothership Core (Chrono Boost)  
  30  4:09  Probe (Chrono Boost)  
  20  4:19  Probe x2  
  22  4:31  Probe  
  23  4:51  Probe (Chrono Boost)  
  25  4:55  Probe (Chrono Boost)  
  22  5:08  Probe (Chrono Boost)  
  20  5:18  Probe x2 (Chrono Boost)  
  24  5:28  Probe (Chrono Boost)  
  24  5:29  Probe (Chrono Boost)  
  24  5:37  Probe (Chrono Boost)  
  24  5:42  Probe (Chrono Boost)  
  26  5:45  Probe (Chrono Boost)  
  26  5:49  Probe (Chrono Boost)  
  28  5:54  Probe (Chrono Boost)  
  29  5:59  Stargate  
  29  6:01  Probe (Chrono Boost)  
  29  6:06  Probe (Chrono Boost)  
  29  6:10  Probe (Chrono Boost)  
  30  6:12  Probe (Chrono Boost)  
  30  6:17  Forge  
  30  6:18  Probe  
  32  6:27  Pylon  
  32  6:28  Probe (Chrono Boost)  
  32  6:31  Probe (Chrono Boost)  
  34  6:43  Probe (Chrono Boost)  
  34  6:44  Probe (Chrono Boost)  
  40  6:55  Probe  
  40  7:00  Stalker x2  
  45  7:02  Probe  
  45  7:05  Stalker  
  48  7:15  Probe (Chrono Boost)  
  50  7:17  Photon Cannon  
Show
View Real Time Build Order
Export as new Build Order

AgCl Protoss - Winner!

Build Orders: Oracle Opening, Oracle Opening 

Get SALT Encoding   

  12  0:13  Probe  
  13  0:14  Pylon  
  13  0:25  Probe  
  14  0:37  Probe (Chrono Boost)  
  15  0:44  Gateway  
  15  0:45  Assimilator  
  16  0:50  Probe (Chrono Boost)  
  16  0:59  Probe (Chrono Boost)  
  17  1:07  Probe  
  18  1:11  Pylon  
  18  1:16  Assimilator  
  18  1:19  Probe  
  19  1:31  Probe, Zealot (Chrono Boost)  
  22  1:34  Cybernetics Core  
  22  1:43  Probe (Chrono Boost)  
  24  1:54  Probe (Chrono Boost)  
  24  2:00  Probe (Chrono Boost)  
  25  2:10  Pylon  
  25  2:11  Stargate  
  25  2:12  Probe (Chrono Boost)  
  26  2:24  Mothership Core (Chrono Boost)  
  26  2:29  Warp Gate  
  28  2:38  Probe  
  29  2:50  Probe  
  30  2:57  Oracle (Chrono Boost)  
  33  3:03  Probe  
  32  3:13  Gateway  
  32  3:15  Probe (Chrono Boost)  
  33  3:24  Nexus  
  33  3:27  Probe (Chrono Boost), Pylon  
  33  3:35  Probe (Chrono Boost)  
  33  3:37  Void Ray  
  38  3:48  Forge  
  38  3:49  Probe  
  39  4:37  Twilight Council  
  39  4:38  Assimilator  
  39  4:40  Probe (Chrono Boost)  
  39  4:45  Probe (Chrono Boost)  
  41  4:46  Assimilator  
  41  4:49  Stalker x2, Probe (Chrono Boost)  
  43  4:53  Probe (Chrono Boost)  
  43  4:57  Probe (Chrono Boost)  
  41  5:00  Photon Cannon  
  42  5:09  Probe x2 (Chrono Boost)  
  43  5:16  Dark Shrine  
  43  5:18  Probe (Chrono Boost)  
  43  5:20  Probe (Chrono Boost)  
  45  5:23  Protoss Ground Weapons Level 1 (Chrono Boost)  
  45  5:26  Probe (Chrono Boost), Pylon  
  45  5:28  Probe (Chrono Boost)  
  47  5:30  Charge (Chrono Boost)  
  47  5:34  Probe (Chrono Boost)  
  47  5:35  Probe (Chrono Boost)  
  49  5:54  Probe (Chrono Boost)  
  49  5:56  Probe (Chrono Boost)  
  50  6:03  Photon Cannon  
  50  6:05  Probe (Chrono Boost)  
  50  6:06  Probe (Chrono Boost), Pylon  
  50  6:11  Robotics Facility  
  50  6:12  Pylon  
  50  6:14  Probe (Chrono Boost)  
  52  6:19  Probe (Chrono Boost)  
  52  6:23  Probe (Chrono Boost)  
  54  6:25  Probe (Chrono Boost)  
  54  6:32  Probe  
  55  6:33  Dark Templar x2  
  55  6:37  Probe  
  60  6:44  Probe  
  60  6:46  Gateway  
  61  6:48  Gateway  
  61  6:49  Probe  
  62  6:56  Probe (Chrono Boost)  
  63  7:08  Probe (Chrono Boost)  
  65  7:10  Fleet Beacon  
  65  7:11  Pylon  
Tags
 
Add a new tag
Caveats
  • Supply blocks, unpowered buildings, or Contaminate may cause inaccurate times.
  • Supply counts are checked every 10 seconds.